Construct Section Command Post
Selects Indian Artillery Battlegroup
Construct Platoon Command Post
Selects Towed ML 4.2-inch Heavy Mortar
6-pounder Anti-tank Gun Team
Towed ML 4.2-inch Heavy Mortar
Selects Off-map Airburst Barrage
Construct Company Command Post
Selects BL5.5 Artillery Emplacement
Construct Company Command Post
Selects Gurkha Rifles Section
Construct Company Command Post
Selects Volunteer Infantry
Unlock Towed 17-pounder Anti-tank Guns
17-pounder Anti-tank Gun Team